 Dungeon Crawl Stone Soup version 0.28.0-1-gb440e238dd (webtiles) character file.

Game seed: 10405378304416268574

69453 Zakn4fein the Carver (level 14, -35/127 HPs)
             Began as a Minotaur Fighter on Feb 26, 2022.
             Was a Believer of Makhleb.
             Killed from afar by a merfolk aquamancer (44 damage)
             ... with a shard of ice
             ... on level 1 of the Shoals on Feb 27, 2022.
             The game lasted 05:00:13 (47538 turns).

Zakn4fein the Carver (Minotaur Fighter)            Turns: 47538, Time: 05:00:18

Health: -35/127    AC: 24    Str: 30    XL:     14   Next: 90%
Magic:  18/18      EV: 14    Int: 12    God:    Makhleb [**....]
Gold:   441        SH: 10    Dex: 10    Spells: 13/13 levels left

rFire   . . .      SeeInvis .   W - +4 scimitar (freeze)
rCold   . . .      Faith    .   R - +0 kite shield
rNeg    . . .      Spirit   .   y - +5 ring mail of Context {Will+ Int+5}
rPois   .          Reflect  .   q - +2 hat
rElec   .          Harm     .   r - +2 cloak
rCorr   .          Rampage  .   Z - +2 pair of gloves
Will    ++...                   d - +1 pair of boots
Stlth   +.........              (no amulet)
HPRegen 0.31/turn               I - +6 ring of strength
MPRegen 0.16/turn               H - +4 ring of evasion

@: about to teleport, engulfed (cannot breathe)
A: horns 2, retaliatory headbutt
a: Renounce Religion, Minor Destruction


You were on level 1 of the Shoals.
You worshipped Makhleb.
Makhleb was pleased with you.
You visited 7 branches of the dungeon, and saw 25 of its levels.
You also visited: Ossuary and Bailey.

You collected 1817 gold pieces.
You spent 1376 gold pieces at shops.

Inventory:

Hand Weapons
 a - a +2 war axe
 i - a +2 vorpal flail
 m - a +0 fustibalus
 C - a +0 long sword of holy wrath
 K - a +3 long sword of chaos
 L - a +5 vampiric spear
 N - a +1 whip of freezing
 U - a +2 trident of venom
 W - a +4 scimitar of freezing (weapon)
Missiles
 c - 98 stones
 l - 30 poisoned darts
 z - 178 sling bullets
 F - a boomerang of dispersal
 J - 10 atropa-tipped darts (quivered)
 P - 7 throwing nets
Armour
 d - a +1 pair of boots (worn)
 q - a +2 hat (worn)
 r - a +2 cloak (worn)
 y - the +5 ring mail of Context (worn) {Will+ Int+5}
   (You bought it in a shop on level 2 of the Orcish Mines)

   Int:       It affects your intelligence (+5).
   Will:      It increases your willpower.
 R - a +0 kite shield (worn)
 T - a +1 plate armour of cold resistance
 Z - a +2 pair of gloves (worn)
Jewellery
 n - a ring of positive energy
 o - a ring of flight
 t - a ring of resist corrosion
 u - a ring of protection from fire
 w - a ring of poison resistance
 H - a +4 ring of evasion (right hand)
 I - a +6 ring of strength (left hand)
Wands
 b - a wand of flame (31)
 g - a wand of paralysis (16)
 h - a wand of mindburst (19)
 E - a wand of charming (3)
 O - a wand of acid (8)
 V - a wand of iceblast (17)
Scrolls
 f - 3 scrolls of teleportation
 k - 2 scrolls of vulnerability
 s - 2 scrolls of torment
 v - 2 scrolls of fog
 A - a scroll of summoning
 B - 2 scrolls of fear
 D - 2 scrolls of immolation
 G - 2 scrolls of enchant weapon
 S - 2 scrolls of magic mapping
Potions
 j - 6 potions of haste
 p - 2 potions of curing
 x - 4 potions of cancellation
 X - a potion of might
Miscellaneous
 M - a tin of tremorstones (1/2)
 Q - a tin of tremorstones (1/2)
 Y - a condenser vane (inert)


   Skills:
 * Level 12.6 Fighting
 - Level 14.0 Long Blades
 + Level 13.6(14.4) Axes
 - Level 4.0(9.7) Maces & Flails
 - Level 6.4(10.9) Polearms
 + Level 6.4(7.0) Slings
 + Level 3.7(5.3) Throwing
 + Level 13.6 Armour
 + Level 3.0 Dodging
 - Level 1.3 Stealth
 + Level 8.7 Shields
 + Level 6.7 Invocations
 * Level 6.3 Evocations


You had 13 spell levels left.
You didn't know any spells.
Your spell library contained the following spells:

 Spells                   Type           Power      Damage    Failure   Level
 Beastly Appendage        Tmut           0%         N/A       71%         1
 Blink                    Tloc           0%         N/A       83%         2
 Corpse Rot               Necr/Air       0%         N/A       83%         2
 Ensorcelled Hibernation  Hex/Ice        0%         N/A       83%         2
 Sublimation of Blood     Necr           0%         N/A       83%         2
 Wereblood                Tmut           0%         N/A       83%         2
 Ignite Poison            Fire/Tmut/Pois 0%         N/A       97%         3
 Inner Flame              Hex/Fire       0%         N/A       97%         3
 Mephitic Cloud           Conj/Pois/Air  0%         N/A       97%         3
 Ozocubu's Armour         Ice            0%         N/A       97%         3
 Spider Form              Tmut/Pois      0%         N/A       97%         3
 Tukima's Dance           Hex            0%         N/A       97%         3
 Anguish                  Hex/Necr       0%         N/A       100%        4
 Cause Fear               Hex            0%         N/A       100%        4
 Dispel Undead            Necr           0%         3d6       100%        4
 Passage of Golubria      Tloc           0%         N/A       100%        4
 Petrify                  Tmut/Erth      0%         N/A       100%        4
 Freezing Cloud           Conj/Ice/Air   0%         6-21      100%        5
 Irradiate                Conj/Tmut      0%         3d13      100%        5
 Manifold Assault         Tloc           0%         N/A       100%        5
 Yara's Violent Unravell  Hex/Tmut       0%         3d3       100%        5
 Death Channel            Necr           0%         N/A       100%        6
 Ozocubu's Refrigeration  Ice            0%         4d5       100%        7
 Storm Form               Tmut/Air       0%         N/A       100%        7
 Summon Hydra             Summ           0%         N/A       100%        7
 Discord                  Hex            0%         N/A       100%        8


Dungeon Overview and Level Annotations

Branches:
Dungeon (12/15)            Temple (1/1) D:7            Lair (6/6) D:9
 Shoals (2/4) Lair:2       Spider (1/4) Lair:3        Slime (0/5) Lair:5
    Orc (2/2) D:9             Elf (1/3) Orc:2       Ossuary (visited)
 Bailey (visited)

Altars:
Ashenzari
Cheibriados
Dithmenos
Elyvilon
Fedhas
Gozag
Hepliaklqana
Kikubaaqudgha
Makhleb
Nemelex Xobeh
Okawaru
Qazlal
Ru
Sif Muna
Trog
Uskayaw
Vehumet
Wu Jian
Xom
Yredelemnul
Zin
The Shining One
Beogh
Jiyva

Shops:
D:4 (   D:7 **   Orc:2 [(:[

Portals:
Trove: D:10 (give +7 demon blade)

Annotations:
Spider:1 Nikola


Innate Abilities, Weirdness & Mutations

You have a pair of horns on your head.
You reflexively headbutt those who attack you in melee.


Message History

The merfolk avatar resists with almost no effort.
The merfolk avatar seems less confused.
You block the harpy's attack. x2
The water nymph touches your water elemental!
The merfolk aquamancer is engulfed in noxious fumes.
The merfolk aquamancer gestures wildly while chanting.
The merfolk aquamancer blinks!
Your water elemental hits the water nymph!
The water elemental hits you.
* * * LOW HITPOINT WARNING * * *
The water elemental engulfs you in water!
Your snapping turtle is engulfed in noxious fumes.
Your snapping turtle appears confused.
Your snapping turtle bites your water elemental!!
Your water elemental is destroyed!
Your water elemental dissolves into shadows!
Your merfolk is engulfed in noxious fumes.
The water elemental closely misses you. You furiously retaliate!
You headbutt the water elemental!
The water nymph shouts!
Really walk into that cloud of noxious fumes?
Okay, then.
You cannot read scrolls while unable to breathe!
You cannot read scrolls while unable to breathe!
Really release a tremorstone near your snapping turtle and merfolk?
Okay, then.
Really release a tremorstone near your snapping turtle and merfolk?
The tremorstone explodes into fragments!
The burst of rock shards engulfs your merfolk!
You kill your merfolk!
Your merfolk's corpse dissolves into shadows!
The burst of rock shards engulfs the merfolk avatar! x3
The burst of rock shards engulfs the harpy!!
The burst of rock shards engulfs the water elemental! x2
* * * LOW HITPOINT WARNING * * *
Your lungs strain for air!
The merfolk aquamancer shouts!
You hear a shout!
You block the harpy's attack. x2
The merfolk aquamancer points at you and mumbles some strange words.
The shard of ice hits you!!!
You die...

≈≈≈≈≈....§≈###...≈.#
≈≈≈≈≈≈≈≈≈§§§.≈m##......#
≈≈≈≈≈≈≈≈≈≈§§§§m..........
≈≈≈≈≈≈≈≈≈§§§§m.mE≈...≈...≈
≈≈≈≈≈≈≈≈≈§§§§###m≈......≈≈
≈≈≈≈≈≈≈≈≈§§○≈###≈.#..(..≈.
≈≈≈≈≈≈≈≈m≈≈≈.m...(.....≈≈.
≈≈≈≈≈§§§HEE§...........≈)≈
≈≈≈≈≈☼§§§@☼§≈...........(≈
≈.≈≈≈§§§§§§§≈..........((≈
≈..≈≈≈≈§tm≈≈≈......≈≈...≈≈
###..≈≈≈≈≈≈≈≈..≈...≈≈..≈
##.≈≈≈≈≈≈≈≈≈≈≈≈.....≈≈
##.≈≈≈≈≈≈≈......#....
#..≈≈≈≈≈.....!.##...
#...≈≈≈≈..#..... ...
....≈≈≈...##..... ≈≈


You could see a merfolk avatar (ally target), a merfolk aquamancer, a merfolk, 2
water elementals, a water nymph (confused), a harpy and a friendly snapping
turtle (summoned, confused).

Vanquished Creatures
  Gastronok (Lair:3)
  An orc warlord (D:9)
  A spark wasp (Lair:3)
  An ettin (Orc:2)
  A fire dragon (Lair:3)
  3 boulder beetles
  4 hydras
  A catoblepas (Lair:3)
  A merfolk avatar (Lair:6)
  A dancing weapon (D:6)
  5 two-headed ogres
  A sea snake (Shoals:1)
  A steelbarb worm (Lair:3)
  4 orc knights (Orc:2)
  2 harpies
  The ghost of doomsgape the Carver, a novice GrFi (D:6)
  Pikel (D:4)
  An orc sorcerer (Orc:1)
  8 fauns
  A moth of wrath (Lair:3)
  14 elephants
  2 merfolk sirens
  Joseph (D:9)
  5 black mambas
  2 torpor snails
  17 cane toads
  A gargoyle (D:11)
  Maggie (D:10)
  9 komodo dragons
  4 rime drakes
  2 trolls
  3 polar bears
  2 hornets
  A merfolk (Shoals:1)
  Grinder (D:3)
  18 blink frogs
  4 wind drakes
  2 snapping turtles (Lair:6)
  3 jumping spiders (Lair:3)
  A shadow (D:10)
  Sigmund (D:2)
  Eustachio (D:5)
  3 wyverns
  55 yaks
  A wraith (D:11)
  A basilisk (Lair:1)
  3 redbacks (Lair:3)
  Menkaure (Ossuary)
  4 wargs (Orc:2)
  4 vampire mosquitoes (D:7)
  An acid dragon (D:10)
  12 water moccasins
  8 black bears
  3 sky beasts
  An ice beast (D:8)
  29 orc warriors
  7 ogres
  A necrophage (D:5)
  14 wolves
  A phantom (D:5)
  3 centaurs
  A lemure (D:5)
  2 kobold brigands
  10 bullfrogs
  3 scorpions
  A gnoll sergeant (D:8)
  2 water moccasin skeletons
  A jelly (D:7)
  3 wights (D:8)
  7 howler monkeys
  2 electric eels
  3 centaur zombies
  3 gnoll shamans
  2 hounds (D:5)
  Crazy Yiuf (D:3)
  6 orc priests
  2 bullfrog skeletons
  Terence (D:3)
  5 hell rats
  21 orc wizards
  Natasha (D:3)
  3 mummies (Ossuary)
  2 howler monkey zombies
  20 gnolls
  3 adders
  2 shadow imps
  A white imp (D:7)
  2 ufetubi
  An adder skeleton (D:4)
  2 worms (D:2)
  A dart slug (D:2)
  64 orcs
  4 ball pythons
  7 endoplasms
  4 giant cockroaches
  4 gnoll zombies (Ossuary)
  6 goblins
  4 hobgoblins
  6 jackals (D:2)
  7 quokkas
  3 bats
  2 frilled lizards
  4 gnoll skeletons (Ossuary)
  4 goblin skeletons (Ossuary)
  5 goblin zombies (Ossuary)
  6 hobgoblin skeletons (Ossuary)
  4 hobgoblin zombies (Ossuary)
  22 kobolds
  4 kobold skeletons (Ossuary)
  4 kobold zombies (Ossuary)
  2 orc skeletons (Ossuary)
  4 orc zombies (Ossuary)
  5 rats
  5 rat skeletons (Ossuary)
  4 rat zombies (Ossuary)
  A spectral orc (D:8)
  2 butterflies
588 creatures vanquished.

Vanquished Creatures (collateral kills)
  A sea snake (Lair:6)
  3 orc knights (Orc:2)
  A cane toad (Lair:5)
  2 yaks (Lair:5)
  3 wargs (Orc:2)
  A water moccasin (Lair:5)
  6 orc warriors
  A wolf (Lair:5)
  2 orc priests (Orc:2)
  7 orc wizards
  11 orcs
38 creatures vanquished.

Vanquished Creatures (others)
  42 fungi
  88 plants
130 creatures vanquished.

Grand Total: 756 creatures vanquished

Notes
Turn   | Place    | Note
-------+----------+-------------------------------------------
     0 | D:1      | Zakn4fein the Minotaur Fighter began the quest for the Orb.
     0 | D:1      | Reached XP level 1. HP: 19/19 MP: 0/0
   259 | D:2      | Reached XP level 2. HP: 26/27 MP: 1/1
  1759 | D:3      | Noticed Terence
  1808 | D:2      | Reached XP level 3. HP: 33/33 MP: 2/2
  2071 | D:3      | Killed Terence
  2072 | D:3      | Reached XP level 4. HP: 35/40 MP: 3/3
  2141 | D:2      | Reached skill level 1 in Invocations
  2557 | D:2      | Noticed Sigmund
  2744 | D:3      | Reached XP level 5. HP: 41/46 MP: 4/4
  2834 | D:3      | Found a runed translucent door.
  2835 | D:3      | Noticed Crazy Yiuf
  2840 | D:3      | Killed Crazy Yiuf
  2841 | D:3      | Reached skill level 1 in Throwing
  2841 | D:3      | Reached skill level 1 in Evocations
  2989 | D:3      | Noticed Grinder
  3008 | D:3      | Killed Grinder
  3009 | D:3      | Reached skill level 5 in Axes
  3009 | D:3      | Reached XP level 6. HP: 8/53 MP: 4/6
  3279 | D:3      | Noticed Natasha
  3337 | D:3      | Killed Natasha
  3551 | D:4      | Found Jocra's Antique Weapon Emporium.
  4001 | D:2      | Killed Sigmund
  4002 | D:2      | Reached skill level 5 in Armour
  4002 | D:2      | Reached XP level 7. HP: 51/60 MP: 7/7
  4116 | D:5      | Entered Level 5 of the Dungeon
  4131 | D:5      | Noticed Eustachio
  4131 | D:5      | You fall into a shaft and drop 1 floor!
  4158 | D:5      | Reached skill level 1 in Dodging
  4290 | D:5      | Reached skill level 5 in Fighting
  4566 | D:5      | Found an ancient bone altar of Kikubaaqudgha.
  4567 | D:5      | Found a bloodstained altar of Trog.
  4569 | D:5      | Found a shimmering altar of Xom.
  4571 | D:5      | Found a hazy altar of Hepliaklqana.
  4571 | D:5      | Found a broken altar of Ashenzari.
  4629 | D:5      | Found a sand-covered staircase.
  4664 | Ossuary  | Entered an ossuary
  4721 | Ossuary  | Reached XP level 8. HP: 68/68 MP: 9/9
  5148 | Ossuary  | Noticed Menkaure
  5367 | Ossuary  | Killed Menkaure
  6320 | D:5      | Killed Eustachio
  7098 | D:4      | Noticed Pikel
  7126 | D:4      | Killed Pikel
  7127 | D:4      | Reached XP level 9. HP: 56/77 MP: 9/11
  9024 | D:6      | Found a runed translucent door.
  9024 | D:6      | Found a shimmering altar of Xom.
  9024 | D:6      | Noticed doomsgape's ghost (novice GrFi)
  9024 | D:6      | Noticed a +3 long sword of chaos
  9424 | D:6      | Reached skill level 10 in Axes
  9603 | D:7      | Found Empiw's Assorted Antiques.
  9607 | D:7      | Bought a knobbly garnet ring for 140 gold pieces
  9666 | D:7      | Found Ydyorusk's CLEARANCE SALE!.
  9999 | D:7      | Found a staircase to the Ecumenical Temple.
 10006 | Temple   | Entered the Ecumenical Temple
 10046 | Temple   | Became a worshipper of Makhleb the Destroyer
 10607 | D:8      | Reached skill level 5 in Shields
 10715 | D:8      | Reached skill level 1 in Long Blades
 10985 | D:8      | Found a basalt altar of Yredelemnul.
 11020 | D:8      | Found a flagged portal.
 11037 | Bailey   | Entered a bailey
 11080 | Bailey   | Noticed an orc knight
 11089 | Bailey   | Noticed an orc knight
 11101 | Bailey   | Reached * piety under Makhleb
 11138 | Bailey   | Noticed an orc knight
 11327 | D:8      | Reached skill level 1 in Slings
 11628 | D:7      | Noticed a troll
 11748 | D:7      | Reached XP level 10. HP: 82/86 MP: 12/12
 12141 | D:7      | Reached skill level 2 in Long Blades
 12422 | D:7      | Reached skill level 3 in Long Blades
 12422 | D:7      | Reached skill level 1 in Polearms
 13441 | D:9      | Noticed an elephant
 13444 | D:9      | Noticed a two-headed ogre
 13460 | D:9      | Noticed Joseph
 13752 | D:9      | Found a staircase to the Orcish Mines.
 13776 | D:9      | Found a staircase to the Lair.
 14276 | D:9      | Killed Joseph
 14506 | D:9      | Killed a two-headed ogre
 14714 | D:9      | Noticed a two-headed ogre
 14762 | D:9      | Killed a two-headed ogre
 15231 | D:10     | Entered Level 10 of the Dungeon
 15231 | D:10     | Noticed a two-headed ogre
 15515 | D:9      | Killed an elephant
 15960 | D:10     | Noticed Maggie
 16046 | D:10     | Killed a two-headed ogre
 16047 | D:10     | Reached skill level 5 in Polearms
 16047 | D:10     | Reached XP level 11. HP: 65/95 MP: 13/13
 16069 | D:10     | Killed Maggie
 16296 | D:10     | Paralysed by a hornet for 1 turns
 16302 | D:10     | Paralysed by a hornet for 1 turns
 17482 | D:10     | Found a portal to a secret trove of treasure.
 17541 | Lair:1   | Entered Level 1 of the Lair of Beasts
 18389 | Orc:1    | Entered Level 1 of the Orcish Mines
 18412 | Orc:1    | Reached skill level 4 in Long Blades
 18772 | Orc:1    | Noticed an orc warlord
 19479 | D:7      | Bought a +0 long sword of holy wrath for 41 gold pieces
 19479 | D:7      | Bought a scroll of magic mapping for 17 gold pieces
 19493 | D:7      | Bought a scroll of teleportation for 84 gold pieces
 19493 | D:7      | Bought a pair of gloves for 126 gold pieces
 19566 | D:4      | Bought a glowing mace for 174 gold pieces
 20410 | Lair:1   | Reached skill level 5 in Long Blades
 20504 | Lair:1   | Reached ** piety under Makhleb
 20505 | Lair:1   | Reached skill level 6 in Long Blades
 21328 | Lair:2   | Reached skill level 7 in Long Blades
 21390 | Lair:2   | Found a staircase to the Shoals.
 21795 | Lair:2   | Reached skill level 8 in Long Blades
 21845 | Lair:2   | Reached XP level 12. HP: 86/103 MP: 14/14
 22148 | Lair:2   | Reached skill level 9 in Long Blades
 22155 | Lair:2   | Noticed a boulder beetle
 22185 | Lair:2   | Reached skill level 10 in Armour
 22187 | Lair:2   | Reached skill level 5 in Slings
 22209 | Lair:2   | Killed a boulder beetle
 23065 | Shoals:1 | Entered Level 1 of the Shoals
 23076 | Lair:2   | Reached skill level 10 in Long Blades
 24451 | D:11     | Noticed a boulder beetle
 24462 | D:11     | Killed a boulder beetle
 24511 | D:11     | Noticed a two-headed ogre
 24518 | D:11     | Killed a two-headed ogre
 25465 | D:11     | Noticed a five-headed hydra
 25480 | D:11     | Killed a five-headed hydra
 25481 | D:11     | Reached skill level 1 in Stealth
 25964 | D:11     | Noticed a boulder beetle
 25998 | D:11     | Killed a boulder beetle
 27828 | D:12     | Noticed a two-headed ogre
 27837 | D:12     | Killed a two-headed ogre
 27838 | D:12     | Reached skill level 11 in Long Blades
 28124 | Lair:3   | Noticed a catoblepas
 28948 | Lair:3   | Noticed a fire dragon
 29264 | Lair:3   | Killed a fire dragon
 29265 | Lair:3   | Reached XP level 13. HP: 66/111 MP: 15/15
 29464 | Lair:3   | Identified the +1 pair of gloves of Ubbekaok {Str+3 Dex+5
                  | Slay-5}
 29624 | Lair:3   | Found a hole to the Spider Nest.
 30175 | Lair:3   | Noticed Gastronok
 30219 | Lair:3   | Reached *** piety under Makhleb
 30267 | Lair:3   | Killed Gastronok
 30978 | Lair:3   | Reached skill level 12 in Long Blades
 30992 | Lair:3   | Reached skill level 10 in Fighting
 31922 | Lair:4   | Reached skill level 5 in Evocations
 33314 | Lair:5   | Reached skill level 5 in Invocations
 33831 | Lair:5   | Found a viscous altar of Jiyva.
 33831 | Lair:5   | Found a staircase to the Slime Pits.
 36440 | D:6      | Killed doomsgape's ghost
 36798 | Lair:6   | Entered Level 6 of the Lair of Beasts
 36827 | Lair:5   | Reached skill level 13 in Long Blades
 37037 | Lair:6   | Reached XP level 14. HP: 106/124 MP: 17/17
 37273 | Lair:5   | Reached **** piety under Makhleb
 38711 | Lair:6   | Reached skill level 1 in Maces & Flails
 40661 | D:9      | Killed an orc warlord
 41210 | Orc:2    | Entered Level 2 of the Orcish Mines
 41533 | Orc:2    | Found a staircase to the Elven Halls.
 41702 | Orc:2    | Found Nohug's Antique Armour Boutique.
 41702 | Orc:2    | Found Wingunag's Antique Weapon Emporium.
 42387 | Orc:2    | Found Ytaram's Book Boutique.
 42510 | Orc:2    | Found Lyarphabo's Armour Emporium.
 43326 | Orc:2    | Bought a runed trident for 169 gold pieces
 44133 | Elf:1    | Entered Level 1 of the Elven Halls
 44922 | Orc:1    | Reached skill level 14 in Long Blades
 45722 | Spider:1 | Entered Level 1 of the Spider Nest
 45832 | Spider:1 | Noticed Nikola
 47192 | Orc:2    | Bought the +5 ring mail of Context {Will+ Int+5} for 625
                  | gold pieces
 47529 | Shoals:1 | HP: 3/127 [water nymph/the raging water (27)]
 47538 | Shoals:1 | Killed from afar by a merfolk aquamancer

Illustrated notes

Levels and vault maps discovered:
D:1:      nicolae_arrival_washed_ashore, layout_loops_corners,
          minmay_pentomino_o4
D:2:      layout_basic, minmay_worlds_worst_comb, uniq_sigmund
D:3:      layout_loops_ring, uniq_natasha, uniq_grinder, uniq_terence,
          uniq_crazy_yiuf_cottage
D:4:      layout_loops_ring, serial_shops, shop, nicolae_elevator_lobby_plus,
          uniq_pikel
D:5:      layout_basic, grunt_temple_overflow_open, nicolae_ossuary_entry_ruins,
          uniq_eustachio
D:6:      layout_basic, ebering_ghost_xom
D:7:      layout_loops_corners, minmay_temple_entry_proselytizer, serial_shops,
          shop, nicolae_shop_clearance
D:8:      layout_basic, yredelemnul_forgotten_temple_becter, enter_bailey_7
D:9:      layout_basic, david_lair_generic, orc_0_dummy, uniq_joseph
D:10:     layout_rooms, nicolae_trove_entry_crystal, uniq_maggie
D:11:     layout_stronghold, chequers_serial_rivers_small_a
D:12:     layout_cave_pods, serial_column_ruins, column_ruins_square_huge,
          column_ruins_open_small, column_ruins_grid_3, column_ruins_grid_3,
          column_ruins_corridor_straight, column_ruins_grid_1,
          gammafunk_ghost_hive, serial_shops, nicolae_shop_crystal
Temple:   nicolae_temple_elliptical
Lair:1:   layout_layer_cave, infiniplex_staircase_pool, grunt_megastairs_2
Lair:2:   layout_cave_pods, elwin_shoals_entry_rocks, nicolae_lair_lil_pond,
          chequers_serial_rivers_small_a, serial_bayou_pond_e,
          chequers_serial_rivers_large_a, lemuel_fruit_fields
Lair:3:   dragon1_lemuel, layout_regular_city, spider_nest_entry_a,
          uniq_gastronok
Lair:4:   layout_loops_ring
Lair:5:   layout_cave_pods, dpeg_slime_entry_enclosed_altar, lemuel_fruit_fields
Lair:6:   gammafunk_lair_ancient_temple, layout_cellular_growth,
          wad_woods_river_03, fungi_pond_lemuel
Shoals:1: layout_shoals, nicolae_shoals_loop_pool
Shoals:2: layout_shoals
Spider:1: layout_spider_delve, hangedman_spider_tarantella_strand, uniq_nikola,
          uniq_louise, uniq_donald
Orc:1:    layout_caves
Orc:2:    st_orc_town, layout_diamond_mine, guppyfry_library_mini
Elf:1:    nicolae_elf_arrival_fired_up, layout_geoelf_grid, minivault_28,
          evilmike_minifort

Skill      XL: |  1  2  3  4  5  6  7  8  9 10 11 12 13 14 |
---------------+-------------------------------------------+-----
Armour         | 4 5 6 7 9 11 12 13 | 13.6
Fighting       | 4 5 6 7 8 9 11 12 | 12.6
Shields        | 4 5 6 7 8 |  8.7
Axes           | 3 4 5 7 9 11 12 13 | 13.6
Invocations    | 1 2 3 4 5 6 |  6.7
Throwing       | 1 2 3 |  3.7
Evocations     | 1 2 3 4 5 6 |  6.3
Dodging        | 1 2 3 |  3.0
Long Blades    | 1 3 8 11 13 14 | 14.0
Slings         | 1 4 5 6 |  6.4
Polearms       | 5 6 |  6.4
Stealth        | 1 |  1.3
Maces & Flails | 4 |  4.0

Action                   |  1- 3 |  4- 6 |  7- 9 | 10-12 | 13-15 || total
-------------------------+-------+-------+-------+-------+-------++-------
Melee: War axe           |    64 |    79 |   381 |   106 |   122 ||   752
       Headbutt          |     4 |    12 |    70 |   141 |   200 ||   427
       Spear             |       |       |    34 |   211 |     1 ||   246
       Scimitar          |       |       |       |   279 |   639 ||   918
       Whip              |       |       |       |       |    37 ||    37
       Trident           |       |       |       |       |     7 ||     7
       Flail             |       |       |       |       |     6 ||     6
 Fire: Hunting sling     |       |       |    55 |    49 |       ||   104
       Fustibalus        |       |       |       |       |    53 ||    53
Throw: Stone             |    40 |    50 |    39 |    70 |       ||   199
       Boomerang         |       |       |       |    31 |    25 ||    56
       Dart              |       |       |       |       |    30 ||    30
Invok: Lesser Servant of |       |       |       |       |    33 ||    33
Evoke: Wand              |       |       |       |     4 |     6 ||    10
       Tin of tremorston |       |       |       |       |     1 ||     1
       Condenser vane    |       |       |       |       |     1 ||     1
  Use: Scroll            |     1 |     4 |     5 |    15 |    16 ||    41
       Potion            |       |       |       |     6 |     5 ||    11
 Stab: Petrified         |       |       |       |       |     2 ||     2
       Distracted        |       |       |       |       |     3 ||     3
Armor: Scale mail        |    40 |    37 |   180 |       |       ||   257
       Chain mail        |       |       |       |    58 |       ||    58
       Plate armour      |       |       |       |   244 |   512 ||   756
       Ring mail         |       |       |       |       |    19 ||    19
Dodge: Dodged            |    37 |    30 |   212 |   333 |   439 ||  1051
Block: Buckler           |    16 |    17 |    66 |   165 |   162 ||   426
       Kite shield       |       |       |       |       |   157 ||   157
